 Dungeon Crawl Stone Soup version 0.28-a0-1435-g82390b3a13 (webtiles) character file.

Game seed: 17537408305880144828

26460 Hasart the Fighter (level 13, -2/144 HPs)
             Began as an Ogre Warper on Jan 9, 2022.
             Was a Priest of Dithmenos.
             Slain by a killer bee (3 damage)
             ... on level 5 of the Lair of Beasts.
             The game lasted 00:35:46 (22382 turns).

Hasart the Fighter (Ogre Warper)                   Turns: 22382, Time: 00:35:46

Health: -2/144     AC:  8    Str: 22    XL:     13   Next: 26%
Magic:  16/25      EV:  9    Int: 14    God:    Dithmenos [***...]
Gold:   1259       SH:  5    Dex: 14    Spells: 21/28 levels left

rFire   + . .      SeeInvis +   m - +6 quarterstaff "Earthworm" {speed, rF+ Stlth+}
rCold   + . .      Faith    .   (shield currently unavailable)
rNeg    . . .      Spirit   .   I - +0 acid dragon scales
rPois   .          Reflect  +   (helmet restricted)
rElec   +          Harm     .   g - +0 cloak
rCorr   +          Rampage  .   (gloves unavailable)
Will    ++++.                   (boots unavailable)
Stlth   +++.......              f - amulet of reflection
HPRegen 0.34/turn               w - ring "Voefuygh" {rElec rC+ Will+++ Slay+2 SInv}
MPRegen 0.19/turn               z - +6 ring of dexterity

@: mighty, lethally poisoned (-2 -> -5), hasted, wreathed by umbra, very quick
A: large, unfitting armour, tough skin 1
a: Renounce Religion, Shadow Step


You were on level 5 of the Lair of Beasts.
You worshipped Dithmenos.
Dithmenos was most pleased with you.
You visited 4 branches of the dungeon, and saw 18 of its levels.

You collected 1349 gold pieces.
You spent 90 gold pieces at shops.

Inventory:

Hand Weapons
 m - the +6 quarterstaff "Earthworm" (weapon) {speed, rF+ Stlth+}
   (You took it off an orc on level 5 of the Dungeon)

   Attacks with this weapon are significantly faster.
   rF:        It protects you from fire.
   Stlth:     It makes you more stealthy.
 s - a +2 hand axe of freezing
 E - a +0 broad axe of freezing
Missiles
 a - 4 silver boomerangs
 b - 4 throwing nets
 i - 10 boomerangs
 l - a javelin (quivered)
 K - 5 large rocks
Armour
 g - a +0 cloak (worn)
 F - +1 steam dragon scales
 G - a +0 robe of fire resistance
 I - +0 acid dragon scales (worn)
Jewellery
 f - an amulet of reflection (around neck)
 h - an amulet of magic regeneration
 t - an amulet of the acrobat
 w - the ring "Voefuygh" (left hand) {rElec rC+ Will+++ Slay+2 SInv}
   (You found it on level 6 of the Dungeon)

   [ring of see invisible]

   Slay:      It affects your accuracy & damage with ranged weapons and melee
   (+2).
   rC:        It protects you from cold.
   rElec:     It insulates you from electricity.
   SInv:      It lets you see invisible.
   Will:      It greatly increases your willpower.
 x - a ring of resist corrosion
 z - a +6 ring of dexterity (right hand)
 J - a ring of magical power
Wands
 n - a wand of paralysis (9)
 y - a wand of polymorph (11)
 A - a wand of charming (6)
 B - a wand of acid (13)
 C - a wand of digging (1)
 D - a wand of iceblast (10)
 U - a wand of flame (9)
Scrolls
 c - 3 scrolls of blinking
 e - 2 scrolls of holy word {unknown}
 j - 6 scrolls of identify
 u - a scroll of silence
 H - a scroll of immolation {unknown}
 L - 2 scrolls of amnesia {unknown}
 O - a scroll of enchant armour
 P - 2 scrolls of teleportation
 Q - a scroll of fog
 S - a scroll of noise {unknown}
 T - a scroll of brand weapon
Potions
 d - 3 potions of flight
 k - 5 potions of curing
 o - 2 potions of ambrosia
 p - 2 potions of might
 q - 2 potions of attraction {unknown}
 r - a potion of haste
 v - 3 potions of mutation {unknown}
 M - a potion of resistance {unknown}
 N - a potion of magic {unknown}
 R - a potion of heal wounds {unknown}


   Skills:
 + Level 13.1 Fighting
 - Level 5.1 Axes
 * Level 12.4 Staves
 - Level 8.0 Throwing
 - Level 2.1 Dodging
 - Level 8.0 Spellcasting
 + Level 8.5 Translocations
 - Level 5.0 Evocations


You had 21 spell levels left.
You knew the following spells:

 Your Spells              Type           Power      Damage    Failure   Level
a - Blink                 Tloc           58%        N/A       1%          2
b - Manifold Assault      Tloc           29%        N/A       14%         5

Your spell library contained the following spells:

 Spells                   Type           Power      Damage    Failure   Level
 Gell's Gravitas          Tloc           29%        N/A       1%          3
 Lesser Beckoning         Tloc           29%        N/A       1%          3
 Teleport Other           Tloc           29%        N/A       1%          3
 Magic Dart               Conj           20%        1d4       16%         1
 Sting                    Tmut/Pois      20%        1d4       16%         1
 Summon Small Mammal      Summ           20%        N/A       16%         1
 Poisonous Vapours        Pois/Air       10%        N/A       24%         2
 Searing Ray              Conj           10%        2d4       24%         2
 Call Canine Familiar     Summ           5%         N/A       43%         3
 Frozen Ramparts          Ice            10%        1d3       43%         3
 Summon Guardian Golem    Hex/Summ       5%         N/A       43%         3
 Fulminant Prism          Conj/Hex       2%         3d6       85%         4
 Ice Form                 Ice/Tmut       5%         N/A       85%         4
 Olgreb's Toxic Radiance  Pois           5%         N/A       85%         4
 Summon Ice Beast         Ice/Summ       5%         N/A       85%         4


Dungeon Overview and Level Annotations

Branches:
Dungeon (10/15)            Temple (1/1) D:6            Lair (5/6) D:8
 Shoals (0/4) Lair:4       Spider (0/4) Lair:2          Orc (2/2) D:9
  Slime: Lair:5-6       Elf: Orc:2

Altars:
Cheibriados
Dithmenos
Elyvilon
Gozag
Ru
Trog
Vehumet

Shops:
D:6 (   D:8 ?

Annotations:
D:5 3 runed translucent doors, earlgrey's ghost, amateur GnWn
D:7 3 runed translucent doors, benappo's ghost, novice DsWr; wakim's ghost, novice OpTm


Innate Abilities, Weirdness & Mutations

You are too large for most types of armour.
You have tough skin. (AC +1)


Message History

The killer bee stings you. The meliai barely misses you.
You block the meliai's attack.
You hit the meliai but do no damage.
The meliai is severely wounded.
You feel sick.
The meliai invokes the aid of its god against you.
Something smites you! The killer bee stings you.
You are more poisoned.
The killer bee poisons you! The meliai hits you with a +0 hand axe.
* * * LOW HITPOINT WARNING * * *
You block the meliai's attack.
You barely miss the meliai.
The meliai is severely wounded.
You feel sick. The killer bee barely misses you. You block the meliai's attack.
The meliai barely misses you.
You miss the meliai.
The meliai is severely wounded.
You feel sick. The killer bee closely misses you.
The meliai hits you with a +0 hand axe.
* * * LOW HITPOINT WARNING * * *
The meliai stings you!
* * * LOW HITPOINT WARNING * * *
You feel yourself speed up.
You feel sick. You block the killer bee's attack.
You block the meliai's attack. The meliai stings you.
* * * LOW HITPOINT WARNING * * *
The killer bee stings you but does no damage.
The meliai hits you with a +0 hand axe!
* * * LOW HITPOINT WARNING * * *
The meliai stings you.
* * * LOW HITPOINT WARNING * * *
It was a potion of might.
You feel very mighty all of a sudden.
You feel sick. The killer bee closely misses you.
The meliai closely misses you.
The meliai stings you but does no damage.
The meliai calls down the wrath of its god upon you.
Something smites you!
* * * LOW HITPOINT WARNING * * *
The killer bee stings you.
You die... ..††! !†... ......
Pyy..

#.P.## y.y..# ##
###########y#yP### .##
##P.#P..@#......... ..###
#.......yyyy.......
.##.#####..###..###....(...
.....P#.#..# #P#.##..$.(...
...........# ######........
.#..P.P##### #....[...
.####### #........ ##
###...##. ####


You could see 2 meliai and 2 killer bees.

Vanquished Creatures
  A hydra (Lair:1)
  Harold (D:8)
  A boulder beetle (D:6)
  A catoblepas (Lair:4)
  2 two-headed ogres
  A death yak (D:8)
  A cyclops (Orc:1)
  Maurice (D:8)
  3 elephants (Lair:4)
  2 black mambas
  10 cane toads
  A merfolk siren (Lair:4)
  Maggie (D:8)
  4 rime drakes
  5 komodo dragons
  A merfolk (Lair:4)
  A troll (Orc:2)
  18 blink frogs
  10 dream sheep (Lair:4)
  A jumping spider (Lair:2)
  A spriggan (D:8)
  3 wyverns
  13 yaks
  A redback (Lair:2)
  A steam dragon (Lair:4)
  Edmund (D:6)
  3 wargs (D:8)
  9 water moccasins
  An acid dragon (D:9)
  10 orc warriors
  A black bear (D:8)
  4 ogres
  6 centaurs
  4 phantoms
  10 bullfrogs
  2 scorpions
  A wyvern zombie (D:9)
  A water moccasin skeleton (D:5)
  4 killer bees (Lair:5)
  2 centaur zombies (D:9)
  2 bullfrog zombies
  2 jellies
  A centaur skeleton (D:4)
  9 orc priests
  2 bullfrog skeletons
  An iguana (D:5)
  18 orc wizards
  A killer bee zombie (D:9)
  A hound skeleton (D:5)
  A howler monkey zombie (D:6)
  7 adders
  3 gnolls (D:7)
  2 shadow imps
  An ufetubus (D:4)
  4 dart slugs
  49 orcs
  2 bats
  8 endoplasms
  6 giant cockroaches
  3 hobgoblins
  6 jackals
  5 quokkas
  7 ball pythons
  A frilled lizard (D:1)
  5 goblins
  6 kobolds
  4 rats
301 creatures vanquished.

Vanquished Creatures (others)
  21 fungi
  36 plants
  6 withered plants (D:7)
63 creatures vanquished.

Grand Total: 364 creatures vanquished

Notes
Turn   | Place    | Note
-------+----------+-------------------------------------------
     0 | D:1      | Hasart the Ogre Warper began the quest for the Orb.
     0 | D:1      | Reached XP level 1. HP: 22/22 MP: 3/3
   122 | D:1      | Reached skill level 3 in Fighting
   127 | D:1      | Reached XP level 2. HP: 7/31 MP: 5/5
   484 | D:1      | Found a faded altar of an unknown god.
  1399 | D:2      | Reached XP level 3. HP: 39/39 MP: 6/6
  1765 | D:2      | Reached skill level 4 in Fighting
  2490 | D:3      | Reached XP level 4. HP: 41/49 MP: 7/7
  2496 | D:2      | HP: 1/49 [orc (5)]
  3910 | D:4      | Reached XP level 5. HP: 53/55 MP: 8/8
  4048 | D:4      | Reached skill level 5 in Fighting
  4162 | D:4      | Noticed an ogre
  4186 | D:4      | Killed an ogre
  4187 | D:4      | Reached XP level 6. HP: 11/66 MP: 9/9
  5294 | D:5      | Entered Level 5 of the Dungeon
  5487 | D:5      | Found a runed translucent gate.
  5489 | D:5      | Found a runed translucent gate.
  5490 | D:5      | Found a runed translucent gate.
  5492 | D:5      | Noticed earlgrey's ghost (amateur GnWn)
  5504 | D:5      | Reached skill level 6 in Fighting
  5647 | D:5      | Reached XP level 7. HP: 56/75 MP: 10/10
  6031 | D:5      | Learned a level 2 spell: Blink
  6105 | D:5      | Reached skill level 5 in Axes
  6614 | D:5      | Identified the +6 quarterstaff "Earthworm" {speed, rF+
                  | Stlth+}
  7307 | D:6      | Reached skill level 7 in Fighting
  7307 | D:6      | Reached skill level 1 in Staves
  7317 | D:6      | Reached XP level 8. HP: 68/87 MP: 12/12
  7699 | D:6      | Noticed a boulder beetle
  7760 | D:6      | Killed a boulder beetle
  8079 | D:6      | Found a staircase to the Ecumenical Temple.
  8168 | D:6      | Noticed Edmund
  8179 | D:6      | Killed Edmund
  8180 | D:6      | Found Guibeijija's Weapon Boutique.
  8185 | D:6      | Reached skill level 5 in Throwing
  8185 | D:6      | Reached XP level 9. HP: 54/96 MP: 15/15
  8363 | D:6      | Reached skill level 8 in Fighting
  8524 | D:6      | Found an opulent altar of Gozag.
  8799 | D:6      | Identified the ring "Voefuygh" {rElec rC+ Will+++ Slay+2
                  | SInv}
  9291 | D:7      | Reached skill level 5 in Staves
  9393 | D:7      | Reached skill level 5 in Spellcasting
  9463 | D:7      | Found a runed translucent gate.
  9463 | D:7      | Found a runed translucent gate.
  9463 | D:7      | Found a runed translucent gate.
  9467 | D:7      | Noticed wakim's ghost (novice OpTm)
  9467 | D:7      | Noticed benappo's ghost (novice DsWr)
 10112 | D:8      | Noticed Harold
 10120 | D:8      | Noticed Maurice
 10127 | D:8      | Killed Harold
 10128 | D:8      | Reached skill level 9 in Fighting
 10128 | D:8      | Reached skill level 5 in Translocations
 10128 | D:8      | Reached skill level 1 in Evocations
 10132 | D:8      | Killed Maurice
 10133 | D:8      | Reached XP level 10. HP: 107/107 MP: 17/17
 10197 | D:8      | Noticed Maggie
 10768 | D:8      | Found a staircase to the Lair.
 10842 | D:8      | Killed Maggie
 11051 | D:8      | Found Gelush's Magic Scroll Shoppe.
 11060 | D:8      | Bought a scroll of enchant armour for 90 gold pieces
 11461 | D:9      | Found a staircase to the Orcish Mines.
 11524 | D:9      | Reached skill level 10 in Fighting
 11717 | D:9      | Learned a level 5 spell: Manifold Assault
 11856 | D:9      | Noticed a two-headed ogre
 11870 | D:9      | Killed a two-headed ogre
 12354 | D:10     | Entered Level 10 of the Dungeon
 12576 | Temple   | Entered the Ecumenical Temple
 12620 | Temple   | Became a worshipper of Dithmenos the Shadowed
 12755 | Orc:1    | Entered Level 1 of the Orcish Mines
 12773 | Orc:1    | Noticed a cyclops
 12999 | Orc:1    | Killed a cyclops
 13000 | Orc:1    | Reached XP level 11. HP: 112/119 MP: 19/19
 13490 | Orc:1    | Noticed a two-headed ogre
 13634 | Orc:1    | Killed a two-headed ogre
 14094 | Orc:2    | Entered Level 2 of the Orcish Mines
 14104 | Orc:1    | Noticed an orc warlord
 14120 | Orc:2    | Reached * piety under Dithmenos
 14386 | Lair:1   | Entered Level 1 of the Lair of Beasts
 14473 | Lair:1   | Reached skill level 11 in Fighting
 15612 | Lair:1   | Noticed a death yak
 15614 | Lair:1   | Noticed a five-headed hydra
 15850 | D:8      | Killed a death yak
 15851 | D:8      | Reached skill level 10 in Staves
 16150 | Lair:1   | Killed a five-headed hydra
 16152 | Lair:1   | Reached XP level 12. HP: 64/130 MP: 22/22
 17400 | Lair:2   | Reached skill level 5 in Evocations
 17740 | Lair:2   | Found a hole to the Spider Nest.
 18282 | Lair:2   | Reached ** piety under Dithmenos
 18804 | Lair:3   | Reached skill level 12 in Fighting
 21191 | Lair:4   | Found a staircase to the Shoals.
 21283 | Lair:4   | Reached XP level 13. HP: 116/141 MP: 25/25
 21445 | Lair:4   | Reached *** piety under Dithmenos
 21759 | Lair:4   | Reached skill level 13 in Fighting
 22382 | Lair:5   | HP: 1/144 [meliai/divine providence (9)]
 22382 | Lair:5   | Slain by a killer bee

Illustrated notes

Levels and vault maps discovered:
D:1:      lemuel_arrival_room, layout_basic,
          hellmonk_ecumenical_altar_heavens_door
D:2:      layout_loops_ring, dk_vineyard_2, minmay_misc_feat_chi,
          chequers_serial_rivers_small_a
D:3:      layout_loops_ring, roderic_roman_lattice
D:4:      layout_basic, minmay_misc_feat_encased
D:5:      layout_loops_ring, ebering_ghost_rock_garden, roderic_serpentine_path
D:6:      layout_loops_ring, nicolae_gozag_cash_rules_everything_around_me,
          minmay_temple_entry_enclosed_plants, serial_shops,
          nicolae_diamond_shop, serial_rivers, chequers_serial_rivers_micro_e,
          chequers_serial_rivers_micro_c, chequers_serial_rivers_micro_b,
          chequers_serial_rivers_micro_a, minmay_small_thing, uniq_edmund
D:7:      layout_rooms, gammafunk_ghost_cemetery
D:8:      layout_basic, erik_lair_orcish_takeover, serial_shops,
          nicolae_shop_temple_entry_statues_fountains, uniq_harold, uniq_maggie,
          uniq_maurice
D:9:      minmay_angry_zag, layout_rooms, orc_0_dummy
D:10:     layout_basic, serial_ice, serial_ice_a, serial_ice_b, serial_ice_l,
          serial_ice_d
Temple:   mainiacjoe_temple_hex_bubbles
Lair:1:   layout_concentric_octagons, grunt_forest_large_clearing_hut,
          serial_bayou_shore_a, infiniplex_staircase_pool
Lair:2:   layout_roguey, spider_nest_entry_a, minmay_holes
Lair:3:   layout_roguey
Lair:4:   layout_roguey, elwin_shoals_entry_rooms
Lair:5:   layout_roguey [special_room_bee], uniq_rupert
Orc:1:    layout_diamond_mine, uniq_jorgrun
Orc:2:    grunt_orc_community_town_hall, layout_caves,
          grunt_orc_community_big_house_1, grunt_orc_community_big_house_2,
          grunt_orc_community_house_2, grunt_orc_community_house_3,
          grunt_orc_community_house_2, grunt_orc_community_house_3,
          grunt_orc_community_house_3, grunt_orc_community_house_2,
          serial_shops, nicolae_diamond_shop

Skill      XL: |  1  2  3  4  5  6  7  8  9 10 11 12 13 |
---------------+----------------------------------------+-----
Fighting       | 3 4 5 6 7 9 10 11 12 13 | 13.1
Axes           | 3 4 5 |  5.1
Throwing       | 2 3 4 5 6 7 8 |  8.0
Translocations | 3 4 5 6 7 8 |  8.5
Spellcasting   | 3 4 5 7 8 |  8.0
Staves         | 1 4 6 8 10 11 12 | 12.4
Evocations     | 1 3 4 5 |  5.0
Dodging        | |  2.1

Action                   |  1- 3 |  4- 6 |  7- 9 | 10-12 | 13-15 || total
-------------------------+-------+-------+-------+-------+-------++-------
Melee: Hand axe          |   143 |   171 |    82 |       |       ||   396
       Punch             |     4 |     1 |     1 |       |       ||     6
       Quarterstaff      |       |       |   152 |   708 |    84 ||   944
Throw: Boomerang         |     7 |     3 |    15 |    53 |       ||    78
       Javelin           |       |    10 |     1 |     1 |     2 ||    14
       Large rock        |       |       |       |     3 |     1 ||     4
 Cast: Manifold Assault  |       |       |       |     2 |     2 ||     4
Evoke: Wand              |       |       |       |     1 |       ||     1
  Use: Scroll            |       |     9 |     1 |     3 |       ||    13
       Potion            |       |       |     3 |     4 |     2 ||     9
 Stab: Sleeping          |     1 |     1 |     6 |     6 |     1 ||    15
Armor: Robe              |    40 |    41 |    25 |     5 |       ||   111
       Skin              |       |       |     4 |       |       ||     4
       Acid dragon scale |       |       |       |    90 |    14 ||   104
       Steam dragon scal |       |       |       |     8 |       ||     8
Dodge: Dodged            |    80 |    53 |    52 |   171 |    30 ||   386
Block: Other             |    37 |    34 |    28 |   101 |    17 ||   217
       Reflection        |     1 |       |     3 |       |       ||     4

Table legend: (Time is in decaauts)
 A = Elapsed time spent in this place.
 B = Non-inter-level travel time spent in this place.
 C = Inter-level travel time spent in this place.
 D = Time resting spent in this place.
 E = Time spent auto-exploring this place.
 F = Levels seen in this place.
 G = Mean time per level.
                   A        B        C        D        E       F      G
               +--------+--------+--------+--------+--------+-----+--------+
         Total |  22103 |  21413 |    690 |   5777 |  12849 |  18 | 1227.9 |
       Dungeon |  13637 |  13072 |    565 |   4017 |   7309 |  10 | 1363.7 |
        Temple |     75 |     44 |     31 |      0 |     37 |   1 |   75.0 |
          Lair |   7354 |   7280 |     74 |   1506 |   4948 |   5 | 1470.8 |
  Orcish Mines |   1035 |   1017 |     18 |    253 |    555 |   2 |  517.5 |
               +--------+--------+--------+--------+--------+-----+--------+

Top non-repeatable levels by time:
  Lair:4: 2300 daAuts
     D:8: 2035 daAuts
     D:5: 1974 daAuts
  Lair:2: 1838 daAuts
     D:6: 1812 daAuts
  Lair:1: 1755 daAuts
     D:2: 1604 daAuts
     D:9: 1502 daAuts
  Lair:3: 1422 daAuts
     D:4: 1395 daAuts
     D:3: 1198 daAuts
     D:1: 1141 daAuts
   Orc:1: 1013 daAuts
     D:7: 905 daAuts
  Temple: 75 daAuts
